 Dungeon Crawl Stone Soup version 0.28.0 (webtiles) character file.

Game seed: 7875622590155894787

25 BorgnjorsVileCrotch the Chopper (level 2, 17/27 HPs)
             Began as a Deep Dwarf Fighter on Feb 12, 2022.
             Quit the game on level 2 of the Dungeon.
             The game lasted 00:01:57 (427 turns).

BorgnjorsVileCrotch the Chopper (Deep Dwarf Fighter) Turns: 427, Time: 00:01:58

Health: 17/27      AC:  6    Str: 19    XL:     2   Next: 86%
Magic:  2/2        EV:  9    Int:  8    God:
Gold:   47         SH:  4    Dex: 12    Spells: 1/1 levels left

rFire   . . .      SeeInvis .   a - +0 war axe
rCold   . . .      Faith    .   c - +0 buckler
rNeg    . . .      Spirit   .   b - +0 scale mail
rPois   .          Reflect  .   (no helmet)
rElec   .          Harm     .   (no cloak)
rCorr   .          Rampage  .   (no gloves)
Will    .....                   (no boots)
Stlth   ..........              (no amulet)
HPRegen 0.00/turn               (no ring)
MPRegen 0.08/turn               (no ring)

@: very slow
A: damage resistance, heal wounds, sense surroundings 1, no regeneration
a: Heal Wounds


You were on level 2 of the Dungeon.
You visited 1 branch of the dungeon, and saw 3 of its levels.

You collected 47 gold pieces.

Inventory:

Hand Weapons
 a - a +0 war axe (weapon)
Armour
 b - a +0 scale mail (worn)
 c - a +0 buckler (worn)
Scrolls
 e - a scroll of blinking {unknown}
Potions
 d - a potion of might {@q3 !q}
 f - a potion of ambrosia {unknown}
 g - a potion of degeneration {unknown}
 h - a potion of haste {unknown}


   Skills:
 - Level 2.6 Fighting
 + Level 3.8 Axes
 - Level 3.2 Armour
 - Level 3.2 Shields


You had one spell level left.
You didn't know any spells.
Your spell library was empty.

Dungeon Overview and Level Annotations

Branches:
Dungeon (3/15)

Altars:
Cheibriados

Shops:
D:1 *


Innate Abilities, Weirdness & Mutations

You are resistant to damage.
You can heal yourself by infusing magical energy.
You passively map a small area around you.
You do not regenerate.


Message History

You see here a +0 club.
An adder comes into view.
The adder hisses angrily.
You see here a green potion.
h - a green potion The ball python bites you but does no damage.
The ball python grabs you. The ball python constricts you.
You barely miss the adder. You barely miss the ball python.
The ball python barely misses you. The ball python constricts you.
The adder bites you.
The ball python bites you but does no damage.
The ball python constricts you.
You are too injured to fight recklessly!
You are too injured to fight recklessly!
You are too injured to fight recklessly!
You are too injured to fight recklessly!
You closely miss the adder. You hit the ball python.
You kill the ball python!
The adder bites you but does no damage. The adder misses you.
You miss the adder. You block the adder's attack. The adder closely misses you.
You slash the adder!
The adder is heavily wounded.
You block the adder's attack. The adder bites you but does no damage.
You closely miss the adder.
The adder is heavily wounded.
The adder barely misses you. x2
You hit the adder but do no damage.
The adder is heavily wounded.
The adder barely misses you.
You slash the adder!
You kill the adder!
You see here an adder corpse.
There is an escape hatch in the floor here.
Really go through this one-way escape hatch?
You slide downwards.
The hatch slams shut behind you. The bat barely misses you.
Found 16 gold pieces.
A ball python comes into view.
The ball python hisses angrily.
You block the bat's attack. The bat hits you but does no damage.
The bat hits you but does no damage. The bat closely misses you.
You block the bat's attack.
You see here 16 gold pieces.
You now have 47 gold pieces (gained 16).
The bat hits you but does no damage.
You hit the ball python.
The ball python is heavily wounded.
You block the bat's attack. The bat barely misses you.
The ball python bites you but does no damage.
The ball python barely misses you.
You slash the ball python!
You kill the ball python!
The bat closely misses you. The bat closely misses you.
The bat hits you but does no damage. The bat barely misses you.
The bat hits you but does no damage. You block the bat's attack.
You barely miss the bat. You block the bat's attack.
The bat hits you but does no damage.
Found a stone staircase leading up.
The bat closely misses you. The bat closely misses you.
The bat closely misses you. The bat hits you but does no damage.
The bat closely misses you. The bat hits you.
Found 2 gold pieces.
You block the bat's attack. The bat completely misses you.
The bat hits you but does no damage.
There is a stone staircase leading up here.
The bat hits you but does no damage.
You climb upwards.
The bat hits you but does no damage.
There is a stone staircase leading down here.
You block the bat's attack. The bat hits you but does no damage.
The bat hits you but does no damage. You block the bat's attack.
The bat hits you. The bat closely misses you. You block the bat's attack.
The bat hits you but does no damage. The bat hits you but does no damage.
The bat hits you but does no damage. x2
You block the bat's attack. The bat barely misses you.
The bat barely misses you. The bat barely misses you.
Found a stone staircase leading down.
The bat misses you.
Found 17 stones.
You block the bat's attack. The bat closely misses you. x2
The bat hits you but does no damage. You block the bat's attack.
You block the bat's attack. The bat hits you but does no damage.
The bat barely misses you. The bat barely misses you.
Found an emerald potion.
The bat hits you but does no damage.
You enter the shallow water.
Moving in this stuff is going to be slow.
The bat hits you but does no damage. The bat hits you but does no damage. x2
You block the bat's attack.
Are you sure you want to abandon this character and quit the game? (Confirm with "yes".)

♣≈≈♣♣*** , * ≈≈≈≈♣PPP♣
....P....#
≈≈≈≈≈≈≈≈..,..P..P..♣##
, **
♣.≈≈♣♣♣≈♣.##...≈≈....#
♣♣≈♣♣♣♣♣♣......≈≈≈≈..##
♣≈♣*..♣......≈≈≈♣♣P.. ,
P≈♣ #...##P≈♣≈≈♣P.# *
≈≈♣ !.....P♣≈≈♣≈..# .♣
* #(.#..≈≈@..P# *
#>.#.♣≈bP.♣## *
#.........# ,
##.##.♣...# ,*
#.###..P## * ##.#######
, #...## , #.#..#
#....#


You could see a bat.

Vanquished Creatures
  An adder (D:2)
  4 ball pythons
  3 endoplasms
  A giant cockroach (D:2)
  A kobold (D:1)
  A quokka (D:1)
  A bat (D:1)
  2 goblins
  A rat (D:2)
15 creatures vanquished.

Vanquished Creatures (others)
  5 plants (D:2)
5 creatures vanquished.

Grand Total: 20 creatures vanquished

Notes
Turn   | Place    | Note
-------+----------+-------------------------------------------
     0 | D:1      | BorgnjorsVileCrotch the Deep Dwarf Fighter began the quest
                  | for the Orb.
     0 | D:1      | Reached XP level 1. HP: 20/20 MP: 1/1
    56 | D:2      | Found a snail-covered altar of Cheibriados.
   220 | D:1      | Reached skill level 3 in Axes
   220 | D:1      | Reached XP level 2. HP: 21/27 MP: 2/2
   234 | D:1      | Found Atiprip's Assorted Antiques.
   427 | D:2      | Quit the game

Illustrated notes

Levels and vault maps discovered:
D:1:      dpeg_arrival_arbitrary_c, layout_loops_ring,
          dreamdust_ecumenical_altar_angels_and_demons, serial_shops,
          nicolae_square_shop
D:2:      layout_loops_cross, serial_bayou, serial_bayou_shore_a,
          serial_bayou_pond_a, serial_bayou_crossing, serial_bayou_pond_d,
          basic_altar, chequers_serial_rivers_room_b, kennysheep_potato
D:3:      layout_rooms, lemuel_doored_altar, serial_shops, nicolae_diamond_shop,
          serial_bayou_ford_a, minivault_5, minmay_misc_feat_more_columns,
          uniq_sigmund

Skill      XL: |  1 |
---------------+----+-----
Axes           | 3 |  3.8
Fighting       | |  2.6
Armour         | |  3.2
Shields        | |  3.2

Action                   || total
-------------------------++-------
Melee: War axe           ||    43
Armor: Scale mail        ||    44
Dodge: Dodged            ||    47
Block: Buckler           ||    22
